[Event "*** Titled Tuesday 3|2 Blitz"]
[Site "Chess.com"]
[Date "2016.09.06"]
[Round "8"]
[White "andryusha"]
[Black "saraswathii"]
[Result "0-1"]
[WhiteElo "2191"]
[BlackElo "2152"]
[TimeControl "180+2"]
[EndTime "18:33:54 PDT"]
[Termination "saraswathii won by checkmate"]

1. e4 c5 2. Nf3 e6 3. c3 Nf6 4. e5 Nd5 5. Bc4 Nb6 6. Bb3 c4 7. Bc2 Nc6 8. O-O Qc7 9. Re1 d6 10. exd6 Bxd6 11. d4 cxd3 12. Qxd3 Bd7 13. Na3 a6 14.
Bg5 f6 15. Bh4 O-O-O 16. Rad1 Be8 17. Qe4 Bf7 18. b4 Nd5 19. Nb1 h5 20. Bb3 Rhe8 21. Qh7 g5 22. Bg3 Nf4 23. h4 Re7 24. Qg7 g4 25.
Nd4 Be5 26. Nxc6 Qxc6 27. Rxe5 fxe5 28. Qxe5 Qxg2# 0-1

[Event "*** Titled Tuesday 3|2 Blitz"]
[Site "Chess.com"]
[Date "2016.09.06"]
[Round "8"]
[White "cheese111"]
[Black "pedromartinez91"]
[Result "1-0"]
[WhiteElo "2299"]
[BlackElo "2361"]
[TimeControl "180+2"]
[EndTime "18:34:08 PDT"]
[Termination "cheese111 won on time"]

1. e4 e6 2. d4 d5 3. Nd2 Nf6 4. e5 Ne4 5. Nxe4 dxe4 6. Bc4 c5 7. Ne2 Nc6 8. c3 Be7 9. Be3 O-O 10. O-O Na5 11. Bb5 a6 12. Ba4 b5 13. Bc2 cxd4 14.
Bxe4 dxe3 15. Bxa8 exf2+ 16. Rxf2 Bc5 17. Nd4 Nc4 18. Qe2 Bxd4 19. cxd4 Qxd4 20. Re1 Rd8 21. Qh5 g6 22. Qf3 Rd7 23. Bc6 Rc7 24. Be8 Nxe5 25. Qf6 Ng4 26. Qxd4 1-0

[Event "*** Titled Tuesday 3|2 Blitz"]
[Site "Chess.com"]
[Date "2016.09.06"]
[Round "8"]
[White "Newlight1"]
[Black "MbMaster"]
[Result "1-0"]
[WhiteElo "2507"]
[BlackElo "2330"]
[TimeControl "180+2"]
[EndTime "18:34:09 PDT"]
[Termination "Newlight1 won by resignation"]

1. e4 e5 2. Nf3 Nc6 3. d4 exd4 4. Bc4 Nf6 5. O-O Nxe4 6. Re1 d5 7. Bxd5 Qxd5 8. Nc3 Qd7 9. Nxe4 Be7 10. Bg5 O-O 11.
Bxe7 Qxe7 12. Nxd4 Bd7 13. Qh5 h6 14. Nc5 Qd6 15. Nb5 Bg4 16. Nxd6 Bxh5 17. Ndxb7 Rab8 18. h3 Nd4 19. Re7 Nxc2 20. Rc1 Nb4 21. Rxc7 Nxa2 22.
Rc4 Rfc8 23. Rxc8+ Rxc8 24. Ra4 Nc1 25. Rxa7 Bg6 26.
b4 Nd3 27. Nd6 Rc6 28. Nxf7 Nxc5 29. Ne5 Ra6 30. Rxa6 Nxa6 31. b5 1-0

[Event "*** Titled Tuesday 3|2 Blitz"]
[Site "Chess.com"]
[Date "2016.09.06"]
[Round "8"]
[White "wonderfultime"]
[Black "OparinGrigoriy"]
[Result "1-0"]
[WhiteElo "2692"]
[BlackElo "2612"]
[TimeControl "180+2"]
[EndTime "18:34:24 PDT"]
[Termination "wonderfultime won by resignation"]

1. d4 d5 2. c4 e6 3. Nf3 Nf6 4. Nc3 Be7 5. Bf4 O-O 6. e3 Nbd7 7. c5 Nh5 8. Bd3 Nxf4 9. exf4 b6 10. b4 a5 11. a3 c6 12. O-O Qc7 13. Qe2 bxc5 14.
bxc5 Qxf4 15. Rab1 Bf6 16. Qc2 g6 17. Rfe1 e5 18. Ne2 Qh6 19. dxe5 Nxe5 20. Nxe5 Bxe5 21. g3 Bg4 22. Qa4 Bf3 23. Nd4 Bxd4 24. Qxd4 Rae8 25.
Bf1 Qg7 26. Qf4 Be4 27. Rb6 Qc3 28. Rc1 Qxa3 29. Rxc6 d4 30. Rd6 d3 31. c6 Bf5 32. c7 Rc8 33. Rdc6 Rfe8 34. R6c3 Qb4 35. Qg5 Qd4 36. Rc4 Qd7 37. Qd2 Re7 38. Qxa5 d2 39. Rd1 Rxc7 40. Rxd2 Qe6 41. Rd8+ Kg7 42. Rxc7 1-0

[Event "*** Titled Tuesday 3|2 Blitz"]
[Site "Chess.com"]
[Date "2016.09.06"]
[Round "8"]
[White "Rating-Schmating"]
[Black "BellJackson95"]
[Result "1-0"]
[WhiteElo "2223"]
[BlackElo "2141"]
[TimeControl "180+2"]
[EndTime "18:34:25 PDT"]
[Termination "Rating-Schmating won on time"]

1. e4 e5 2. Nf3 Nc6 3. d4 exd4 4.
Nxd4 Nf6 5. Nxc6 bxc6 6. e5 Qe7 7. Qe2 Nd5 8. c4 Ba6 9. Nd2 Nb4 10. Nf3 d5 11. b3 c5 12. a3 Nc6 13. Bb2 Rb8 14.
Qc2 d4 15. Bd3 g6 16. O-O-O Bh6+ 17. Kb1 O-O 18. Rhe1 Rb6 19. Ka2 Rfb8 20. Nd2 Na5 21. b4 cxb4 22. Qa4 Qc5 23. Ne4 Bxc4+ 24. Ka1 Qd5 25.
Nf6+ Rxf6 26. exf6 Nb3+ 27. Kb1 Bxd3+ 28. Rxd3 Nc5 29.
Re8+ Bf8 30. Qd1 Rxe8 31. Rxd4 Qf5+ 32. Ka2 b3+ 33. Ka1 Ne6 34. g4 Qc5 35. Rd5 Qc2 36. Qc1 1-0

[Event "*** Titled Tuesday 3|2 Blitz"]
[Site "Chess.com"]
[Date "2016.09.06"]
[Round "8"]
[White "DeviatkinAndrey"]
[Black "papapizza_old"]
[Result "1-0"]
[WhiteElo "2562"]
[BlackElo "2241"]
[TimeControl "180+2"]
[EndTime "18:34:49 PDT"]
[Termination "DeviatkinAndrey won by resignation"]

1. b4 e5 2. Bb2 Bxb4 3. Bxe5 Nf6 4. c4 O-O 5. Nf3 Re8 6. e3 Bf8 7. Be2 g6 8. Nc3 d6 9. Bg3 Bg7 10. d4 b6 11. O-O Bb7 12. h3 Nbd7 13. a4 Ne4 14. Nxe4 Bxe4 15. a5 Qe7 16. Nd2 c5 17.
Nxe4 Qxe4 18. Bf3 Qe6 19. Bxa8 Rxa8 20. axb6 Nxb6 21. Rc1 Nxc4 22. d5 Qe4 23. f3 Qxe3+ 24.
Bf2 Qf4 25. g3 Qf5 26. Rxc4 Qxh3 27. Rh4 Qf5 28. Re4 h5 29. Kg2 Be5 30. Rfe1 Rb8 31. Qe2 Rb3 32. Rxe5 dxe5 33. Rd1 Rb4 34. d6 e4 35. d7 exf3+ 36. Qxf3 1-0

[Event "*** Titled Tuesday 3|2 Blitz"]
[Site "Chess.com"]
[Date "2016.09.06"]
[Round "8"]
[White "NTBT_DHS"]
[Black "FearlessKing64"]
[Result "1-0"]
[WhiteElo "2506"]
[BlackElo "2307"]
[TimeControl "180+2"]
[EndTime "18:35:32 PDT"]
[Termination "NTBT_DHS won by checkmate"]

1. d4 Nf6 2. c4 g6 3. Nc3 d5 4. cxd5 Nxd5 5. e4 Nxc3 6. bxc3 Bg7 7. Qa4+ Nd7 8. Nf3 c5 9. Be3 O-O 10. Be2 Nb6 11. Qa3 cxd4 12. cxd4 Bg4 13. Rd1 Rc8 14. O-O Nc4 15. Bxc4 Rxc4 16. Qxa7 Bxf3 17. gxf3 Qd7 18.
Rc1 Ra4 19. Qb6 Rxa2 20. Rc7 Qh3 21. Qxb7 Qxf3 22. e5 Qg4+ 23. Qg2 Qxg2+ 24. Kxg2 e6 25. Kf3 Ra3 26. Rb1 Bh6 27. Ke4 Bxe3 28. fxe3 Ra2 29.
Rh1 Rf2 30. h4 h5 31. Kd3 Ra8 32. Rb1 Ra3+ 33. Ke4 Rh2 34. Rb8+ Kg7 35. Rbb7 Rxh4+ 36. Kf3 Rh3+ 37. Kf4 Rh4+ 38. Kg3 Rg4+ 39. Kf3 Rxd4 40. Rxf7+ Kh6 41. Rf6 Rdd3 42. Rxe6 Rxe3+ 43. Kf4 Rf3+ 44. Ke4 Rae3+ 45. Kd5 Rd3+ 46. Kc6 h4 47. Rb8 Rc3+ 48. Kd6 Rcd3+ 49. Ke7 Ra3 50. Rf6 Ra7+ 51. Kf8 Re3 52. e6 Ra6 53. Re8 Kg5 54. Kf7 Ra7+ 55. e7 h3 56. Rxg6+ Kh4 57. Rh8# 1-0

[Event "*** Titled Tuesday 3|2 Blitz"]
[Site "Chess.com"]
[Date "2016.09.06"]
[Round "8"]
[White "jk13"]
[Black "Alexander_Moskalenko"]
[Result "0-1"]
[WhiteElo "2509"]
[BlackElo "2647"]
[TimeControl "180+2"]
[EndTime "18:35:38 PDT"]
[Termination "Alexander_Moskalenko won by checkmate"]

1. e4 d5 2. exd5 Nf6 3. d4 Bg4 4. Be2 Bxe2 5. Qxe2 Qxd5 6. Nf3 Nc6 7. O-O O-O-O 8. c3 Qh5 9. Re1 e6 10. Bf4 h6 11.
Nbd2 Qf5 12. Bg3 Nh5 13. b4 g5 14. Nc4 Nf4 15. Qe3 Rg8 16. Nfe5 Nxe5 17. dxe5 Kb8 18. Rad1 Be7 19. f3 Rd3 20. Rxd3 Nxd3 21. Rd1 Rd8 22. a4 h5 23. h3 b6 24. a5 g4 25. hxg4 hxg4 26. f4 b5 27. Na3 a6 28. Rd2 c5 29.
Nc2 Kc8 30. bxc5 Bxc5 31. Nd4 Nb4 32. cxb4 Qb1+ 33. Be1 Qxb4 34. Bf2 Qb1+ 35. Kh2 Qh7+ 36.
Kg1 Qb1+ 37. Kh2 Rh8+ 38. Kg3 Qh7 39. Bg1 Qh4# 0-1

[Event "*** Titled Tuesday 3|2 Blitz"]
[Site "Chess.com"]
[Date "2016.09.06"]
[Round "8"]
[White "Iball95"]
[Black "MaestroASK"]
[Result "1/2-1/2"]
[WhiteElo "2475"]
[BlackElo "2469"]
[TimeControl "180+2"]
[EndTime "18:35:55 PDT"]
[Termination "Game drawn - insufficient material"]

1. Nf3 g6 2. g3 Bg7 3. Bg2 d6 4. O-O e5 5. e4 Nd7 6. d4 f6 7. c4 Bh6 8. Nc3 c6 9. b4 Bxc1 10.
Rxc1 Qe7 11. c5 dxc5 12. bxc5 exd4 13. Qxd4 Qxc5 14. Qd2 Qe7 15. Rfe1 Kf8 16. Rcd1 Kg7 17. e5 Nxe5 18. Qf4 Nh6 19. Nxe5 fxe5 20. Rxe5 Qf6 21. Qe3 Nf7 22. Re7 b6 23. Rc7 Bg4 24. Rxc6 Qe5 25.
Qxe5+ Nxe5 26. Rc7+ Kh6 27. Rd4 Rac8 28. Rxc8 Rxc8 29. h3 Nf3+ 30. Bxf3 Bxf3 31. Rd3 Bc6 32. f4 Kg7 33. Kf2 Kf6 34. Ke3 Ke6 35. g4 Re8 36. Kd2 Rf8 37. Ne2 Ke7 38. Re3+ Kd7 39. Re5 Kd6 40. Ke3 a6 41. Nd4 Bd7 42. a3 h6 43. Nf3 Bc6 44. Nh4 Rf6 45. Nf3 Bxf3 46. Kxf3 g5 47. Re4 Rxf4+ 48. Rxf4 gxf4 49. Kxf4 b5 50. h4 a5 51. Ke4 b4 52. axb4 axb4 53. Kd4 b3 54. Kc3 Ke5 55. Kxb3 Kf4 56. g5 hxg5 57. hxg5 Kxg5 1/2-1/2

[Event "*** Titled Tuesday 3|2 Blitz"]
[Site "Chess.com"]
[Date "2016.09.06"]
[Round "8"]
[White "hypert"]
[Black "rithwik2002"]
[Result "0-1"]
[WhiteElo "2320"]
[BlackElo "1957"]
[TimeControl "180+2"]
[EndTime "18:35:56 PDT"]
[Termination "rithwik2002 won by resignation"]

1. e4 c5 2. Nf3 d6 3. d4 cxd4 4.
Nxd4 Nf6 5. Nc3 a6 6. f3 e5 7. Nb3 Be6 8. Be3 Be7 9. Qd2 O-O 10. g4 d5 11. exd5 Nxd5 12. Nxd5 Bh4+ 13. Bf2 Bxf2+ 14.
Qxf2 Qxd5 15. Bd3 Nd7 16. O-O-O Qc6 17. g5 a5 18. Qh4 g6 19. Nd2 Bxa2 20. Ne4 Rac8 21.
Kd2 Rfd8 22. b3 Nc5 23. Nxc5 Qxc5 24. Ke2 Rd4 25. Qe1 a4 26. bxa4 Bc4 27. Rd2 e4 28. Qf2 exd3+ 29. cxd3 Bxd3+ 30. Rxd3 Qc2+ 31. Kf1 Qxf2+ 32. Kxf2 Rxd3 33. Rb1 Rdc3 34. Rxb7 Rc2+ 35. Kg3 R8c4 36. a5 Ra2 37. Rb8+ Kg7 38. Rb5 Rca4 39. h4 Rxa5 40. Rb6 h6 41. gxh6+ Kxh6 42. Rf6 Kg7 43.
Rf4 Ra1 44. Rb4 R1a4 45. Rb3 Rc5 46. Rd3 Rcc4 0-1

[Event "*** Titled Tuesday 3|2 Blitz"]
[Site "Chess.com"]
[Date "2016.09.06"]
[Round "8"]
[White "dusanacns"]
[Black "Kawhi_Leonard2"]
[Result "1-0"]
[WhiteElo "2558"]
[BlackElo "2057"]
[TimeControl "180+2"]
[EndTime "18:36:13 PDT"]
[Termination "dusanacns won by resignation"]

1. e4 c5 2. Nf3 d6 3. Bb5+ Bd7 4. Bxd7+ Qxd7 5. O-O Nf6 6. e5 Nd5 7. d4 e6 8. exd6 Bxd6 9. c4 Nb6 10. Qe2 Nc6 11.
d5 Nd8 12. Rd1 O-O 13. Nc3 Re8 14. Be3 Rc8 15. dxe6 Nxe6 16. Nb5 Rc6 17. Ne5 Bxe5 18. Rxd7 Nxd7 19. Rd1 Nf6 20. Nxa7 Ra6 21. Nb5 Rxa2 22.
Bc1 Nd4 23. Nxd4 Bxd4 24. Qf3 Re7 25. Be3 Rxb2 26. Bxd4 cxd4 27. h3 Re4 28. Qa3 Ree2 29. Rxd4 h6 30. Rd8+ Kh7 31. Qd3+ g6 32. Qd4 Rxf2 33.
Qxf2 Rxf2 34. Kxf2 Ne4+ 35. Ke3 Nc5 36. Rc8 b6 37.
Rb8 Na4 38. Kd4 Kg7 39. Kd5 Kf6 40. Kc6 Ke5 41. Kb5 Nc3+ 42. Kxb6 f5 43. c5 g5 44. c6 Nd5+ 45. Kb7 g4 46. hxg4 fxg4 47. Re8+ Kf4 48. Rd8 Ne7 49. c7 h5 50. Re8 1-0

[Event "*** Titled Tuesday 3|2 Blitz"]
[Site "Chess.com"]
[Date "2016.09.06"]
[Round "8"]
[White "E-Shaposhnikov"]
[Black "dretch"]
[Result "1-0"]
[WhiteElo "2688"]
[BlackElo "2649"]
[TimeControl "180+2"]
[EndTime "18:37:24 PDT"]
[Termination "E-Shaposhnikov won by resignation"]

1. Nf3 d5 2. d4 Nf6 3. c4 c6 4. e3 Bg4 5. Nbd2 e6 6. b3 Nbd7 7. Bb2 Bd6 8. Bd3 O-O 9. Qc2 c5 10. Ne5 cxd4 11. Nxg4 Nxg4 12. exd4 Qh4 13. Nf3 Bb4+ 14.
Kf1 Qh5 15. h3 Rac8 16. Bxh7+ Kh8 17. Bd3 Ngf6 18. Qe2 dxc4 19. bxc4 Nb6 20. Ne5 Qxe2+ 21. Kxe2 Na4 22. Rab1 b6 23. Ke3 Nxb2 24. Rxb2 Bd6 25. f4 Kg8 26. Rd1 Rfd8 27. g4 Nd7 28. Nxd7 Rxd7 29. a4 Rcd8 30. Be2 Be7 31. g5 f6 32. h4 Rxd4 33. Rxd4 Bc5 34. Rd2 e5 35. fxe5 fxe5 36. Ke4 Bxd4 37. h5 Kf7 38. Rd3 Ke7 39. Rh3 Rf8 40. h6 gxh6 41. gxh6 Rf4+ 42. Kd5 Rf8 43. h7 Rd8+ 44. Ke4 Rh8 45. Bg4 Kf6 46. Bf5 Bf2 47. Rh6+ Kf7 48. Rc6 Bh4 49. Rc7+ Kf6 50. Rxa7 Bg5 51.
Rb7 Rd8 52. Rxb6+ Kf7 53. Rb7+ Kf6 54. Rb6+ Kf7 55. Kxe5 Re8+ 56. Re6 Bf6+ 57. Kd5 Ra8 58. Rc6 Kg7 59. Rc7+ Kh6 60. c5 Rxa4 61. Rc6 Rd4+ 62.
Ke6 Bh8 63. Rc8 Kg7 64. Rg8+ Kh6 65. Rxh8 1-0

[Event "*** Titled Tuesday 3|2 Blitz"]
[Site "Chess.com"]
[Date "2016.09.06"]
[Round "8"]
[White "Lapitch"]
[Black "yurisolo"]
[Result "1-0"]
[WhiteElo "2589"]
[BlackElo "2496"]
[TimeControl "180+2"]
[EndTime "18:37:48 PDT"]
[Termination "Lapitch won by checkmate"]

1. Nf3 Nf6 2. c4 c5 3. b3 b6 4. g3 Bb7 5. Bg2 e6 6. O-O Be7 7. Nc3 O-O 8. d4 cxd4 9. Qxd4 d6 10. Rd1 Nbd7 11. e4 a6 12. Ba3 Nc5 13. e5 dxe5 14. Qxe5 Qb8 15. Na4 Bxf3 16. Qxb8 Raxb8 17. Bxf3 Rfc8 18. Nxc5 Bxc5 19. Bxc5 Rxc5 20. Rd6 Kf8 21. Rad1 Ke7 22.
R6d4 a5 23. h4 h5 24. Kg2 e5 25. R4d2 e4 26. Be2 g6 27. a3 Re5 28. Rd6 Re6 29.
R6d4 Rb7 30. Kf1 Rd7 31. Rxd7+ Nxd7 32. b4 axb4 33. axb4 f5 34. Ra1 Rc6 35. Ra7 Kd6 36. Ra6 Ke5 37. c5 Rc7 38. cxb6 Rb7 39. Ra7 Rxb6 40.
Rxd7 Rxb4 41. Re7+ Kf6 42. Rd7 Rb1+ 43. Rd1 Rb2 44. Ke1 Ke5 45. Ra1 Kf6 46. Ra6+ Kg7 47. Bc4 Rc2 48. Bb5 Rc8 49. Ke2 Rc2+ 50. Ke3 Rc3+ 51.
Kd2 Rc8 52. Rc6 Rb8 53. Bc4 Ra8 54. Ke3 Ra3+ 55. Kf4 Rf3+ 56. Kg5 Rxf2 57. Rxg6+ Kf8 58. Rf6+ Ke7 59. Rxf5 Rg2 60. Kf4 e3 61. Re5+ Kf6 62.
Re6+ Kg7 63. Rxe3 Rf2+ 64. Kg5 Rc2 65. Re7+ Kf8 66. Rf7+ Kg8 67. Rf4+ Kg7 68. Kxh5 Rc3 69. g4 Rh3 70. g5 Ra3 71. Rf7+ Kh8 72. g6 Ra5+ 73. Kh6 Ra7 74. Rf8# 1-0

[Event "*** Titled Tuesday 3|2 Blitz"]
[Site "Chess.com"]
[Date "2016.09.06"]
[Round "8"]
[White "MattyDPerrine"]
[Black "Ksenia_Legenko"]
[Result "1-0"]
[WhiteElo "2230"]
[BlackElo "2033"]
[TimeControl "180+2"]
[EndTime "18:38:22 PDT"]
[Termination "MattyDPerrine won by resignation"]

1. d4 d5 2. c4 dxc4 3. Nf3 Nf6 4. e3 e6 5. Bxc4 a6 6. O-O b5 7. Bd3 Bb7 8. Qe2 Nbd7 9. Rd1 c5 10. dxc5 Bxc5 11. a4 b4 12. Nbd2 O-O 13. Nb3 Qe7 14. e4 e5 15. Nh4 Qe6 16. Bc4 Qb6 17. a5 Qa7 18. Bg5 h6 19. Nxc5 Qxc5 20. Be3 Qc7 21. f3 Nc5 22. Qf2 Ne6 23. Rdc1 Qd7 24. Ng6 fxg6 25. Rd1 Qc8 26. Rac1 Qe8 27. Rd6 Bc8 28. Bb3 Kh7 29. Rxc8 Rxc8 30. Bxe6 Rc6 31. Bd7 Nxd7 32. Rxc6 Nb8 33. Rb6 Qd8 34. h3 Rf7 35. Rxb4 Qxa5 36. Rxb8 Qa1+ 37. Kh2 Qa5 38. Qd2 Qc7 39. Qd8 Qxd8 40.
Rxd8 Rb7 41. Rd2 a5 42. Kg1 a4 43. Kf2 Rb3 44. Rc2 a3 45. bxa3 Rxa3 46. Rc5 Ra2+ 47.
Kg3 g5 48. Rxe5 Kg6 49. Re7 Kf6 50. Rb7 Ra4 51. Rd7 g6 52. Rd6+ Kf7 53. Rd7+ Kf6 54. Rh7 h5 55. Rd7 Ra5 56. Rd6+ Kf7 57. Rd5 Ra3 58. Bxg5 Ra2 59. h4 Ra3 60. Kf4 Ra2 61. g3 Ra3 62. g4 hxg4 63. fxg4 Ra1 64. h5 gxh5 65. gxh5 Ke6 66. Re5+ Kf7 67. Re7+ Kg8 68.
Kf5 Rh1 69. Kg6 Kf8 70. Rf7+ Kg8 71. h6 Rxh6+ 72. Bxh6 1-0

[Event "*** Titled Tuesday 3|2 Blitz"]
[Site "Chess.com"]
[Date "2016.09.06"]
[Round "8"]
[White "AllStarShark"]
[Black "akinov-akinseye"]
[Result "1-0"]
[WhiteElo "2284"]
[BlackElo "2015"]
[TimeControl "180+2"]
[EndTime "18:39:10 PDT"]
[Termination "AllStarShark won on time"]

1. d4 d5 2. Bf4 Nf6 3. e3 Bg4 4.
Nf3 e6 5. c4 Bd6 6. Bxd6 cxd6 7. Nbd2 dxc4 8. Bxc4 d5 9. Bb5+ Nbd7 10. Qb3 O-O 11.
O-O Bxf3 12. Nxf3 Ne4 13. Bd3 Ndf6 14. Rac1 Rb8 15. Bxe4 Nxe4 16. Rc2 Rc8 17. Rfc1 Rxc2 18. Rxc2 Qa5 19. g3 h6 20. h4 b5 21. Kg2 b4 22.
Ne5 Qb5 23. a3 a5 24. axb4 axb4 25. Nd3 Rb8 26. Nc5 Nd6 27. Nd3 Nc4 28. Ne5 Rc8 29.
Qd3 f6 30. Ng6 Kf7 31. Nf4 Qd7 32. Qg6+ Kg8 33. Nh5 Qf7 34. Qxf7+ Kxf7 35. Kg1 e5 36. b3 Nd6 37. Rxc8 Nxc8 38. g4 Nd6 39. Ng3 Nb5 40. Ne2 Nc3 41. Kf1 Nb5 42. Ke1 Ke6 43. Kd2 Nd6 44. Kd3 Ne4 45. f3 Nd6 46. Ng3 g6 47. h5 Kf7 48. hxg6+ Kxg6 49. f4 e4+ 50. Ke2 Nb5 51.
Nf1 h5 52. gxh5+ Kxh5 53. Ng3+ Kg4 54. Nh1 Kh3 55. Nf2+ Kg2 56. Ng4 Nc3+ 57. Kd2 f5 58. Nf6 Kf3 59. Ng8 Nb1+ 60. Kc1 Kxe3 61. Kxb1 Kxd4 62.
Kc2 Ke3 63. Nf6 d4 64. Nd5+ Ke2 65. Nxb4 d3+ 66. Kb2 d2 67. Nd5 d1=Q 68. Nc3+ Kd2 69. Nxd1 Kxd1 70. b4 e3 71. b5 e2 72. b6 e1=Q 73. b7 Qb4+ 74. Ka2 Qxb7 75. Ka3 Kc2 76.
Ka4 Kc3 77. Ka5 1-0

[Event "*** Titled Tuesday 3|2 Blitz"]
[Site "Chess.com"]
[Date "2016.09.06"]
[Round "8"]
[White "DanielNaroditsky"]
[Black "Kouzari"]
[Result "0-1"]
[WhiteElo "2695"]
[BlackElo "2480"]
[TimeControl "180+2"]
[EndTime "18:41:49 PDT"]
[Termination "Kouzari won by resignation"]

1. d4 Nf6 2. Nc3 e6 3. Bf4 d5 4. Nb5 Na6 5. e3 c6 6. Nc3 Nc7 7. Bd3 Bd6 8. Nf3 O-O 9. O-O Bxf4 10. exf4 Nce8 11. Ne5 Nd6 12. Ne2 Nd7 13. c3 f6 14. Nxd7 Bxd7 15. Ng3 Qc7 16. Qh5 g6 17. Qh4 Rae8 18. Rfe1 c5 19. dxc5 Qxc5 20. Re2 e5 21. Rae1 e4 22. Bc2 Bb5 23. Re3 Nc4 24. Bb3 Nxe3 25. fxe3 a5 26. Qg4 f5 27. Qd1 Bc4 28. Qd2 a4 29. Bxa4 Ra8 30. Bb3 Qb5 31. Bxc4 dxc4 32. Ne2 Rxa2 33. Rb1 Qa4 34. Qd5+ Rf7 35.
Qd8+ Rf8 36. Qd5+ Rf7 37. h4 Qc2 38. Re1 Rxb2 39. Qd8+ Rf8 40. Qd5+ Rf7 41. Qd8+ Rf8 42. Qd5+ Rf7 43. Qxc4 Qd3 44. Qc8+ Rf8 45. Qe6+ Rf7 46. Kf2 Qxc3 47. Rd1 Qf6 48. Qc8+ Kg7 49. g3 Qc6 50. Qd8 Qb5 51. Qd4+ Kh6 52. Re1 Rd7 53. Qf6 Rdd2 54. Qg5+ Kg7 55. Qe7+ Kg8 56. Qe6+ Kf8 57. Qf6+ Ke8 58.
Qh8+ Kf7 59. Qxh7+ Kf6 60. Qh8+ Kf7 61. Qh7+ Kf6 62.
Qh8+ Kf7 63. Qh7+ Kf8 64. Qh8+ Ke7 65. Qg7+ Kd8 66. Qf6+ Kd7 67. Qf7+ Kc6 68. Qxg6+ Kc7 69. Qh5 Qc4 70. Qh7+ Kb6 71. Qg6+ Ka7 72. Qh5 Ra2 73. Kf1 b5 74. Qh7+ Ka6 75. Qg6+ Ka5 76. Qh5 Qd3 77. Kf2 Ka4 78. Kf1 Qxe3 79. Qf7 Qf3+ 80. Kg1 Rxe2 81. Qa7+ Kb4 82. Rb1+ Reb2 83. Qd4+ Ka5 84.
Qa7+ Kb4 85. Qd4+ Ka3 86. Qc5+ b4 87. Qa5+ Kb3 88. Qd5+ Kc2 89. Rf1 Qxg3+ 90. Kh1 Qh3+ 91. Kg1 Qg4+ 92. Kh1 Qxh4+ 93. Kg1 Qg3+ 94. Kh1 Qh3+ 95. Kg1 Qxf1+ 96. Kxf1 Kc3 97. Qc5+ Kd3 98. Qd5+ Ke3 99. Qc5+ Kf3 100. Qc1 Rf2+ 0-1

[Event "*** Titled Tuesday 3|2 Blitz"]
[Site "Chess.com"]
[Date "2016.09.06"]
[Round "9"]
[White "rithwik2002"]
[Black "Iball95"]
[Result "1-0"]
[WhiteElo "1972"]
[BlackElo "2460"]
[TimeControl "180+2"]
[EndTime "18:45:24 PDT"]
[Termination "rithwik2002 won by resignation"]

1. d4 Nf6 2. Bf4 d5 3. e3 c5 4. dxc5 Qa5+ 5. Nc3 Nc6 6. Bb5 a6 7. Bxc6+ bxc6 8. Qd4 Ne4 9. b4 Qa3 10. Nxe4 dxe4 11.
Ne2 e5 12. Qxe5+ Be6 13. Qxe4 Be7 14. Qxc6+ Bd7 15. Qxa8+ Bd8 16. c6 Qxb4+ 17. c3 Qb2 18. cxd7+ Kxd7 19. Rd1+ Ke6 1-0

[Event "*** Titled Tuesday 3|2 Blitz"]
[Site "Chess.com"]
[Date "2016.09.06"]
[Round "9"]
[White "putinwarrior"]
[Black "Kawhi_Leonard2"]
[Result "0-1"]
[WhiteElo "2350"]
[BlackElo "2071"]
[TimeControl "180+2"]
[EndTime "18:47:52 PDT"]
[Termination "Kawhi_Leonard2 won by checkmate"]

1. e4 c5 2. c3 d5 3. exd5 Qxd5 4.
d4 cxd4 5. Nf3 Nc6 6. cxd4 e6 7.
Nc3 Qd6 8. Nb5 Qd8 9. Bf4 Bb4+ 10. Nd2 Kf8 11. a3 Be7 12. Nc4 Nf6 13. Be2 a6 14. Nbd6 b5 15. Nxc8 Rxc8 16. Ne5 Nxd4 17. O-O h6 18. a4 g5 19. Bg3 Kg7 20. Bh5 Rf8 21.
axb5 axb5 22. f4 Nc2 23. fxg5 hxg5 24. Qc1 Nxh5 25. Ra6 Nxg3 26. hxg3 Bc5+ 27. Kh2 Rh8# 0-1

[Event "*** Titled Tuesday 3|2 Blitz"]
[Site "Chess.com"]
[Date "2016.09.06"]
[Round "9"]
[White "Alexander_Moskalenko"]
[Black "ShimanovAlex"]
[Result "1-0"]
[WhiteElo "2653"]
[BlackElo "2554"]
[TimeControl "180+2"]
[EndTime "18:47:56 PDT"]
[Termination "Alexander_Moskalenko won by resignation"]

1. b3 g6 2. Bb2 Nf6 3. e4 Bg7 4.
Nf3 O-O 5. Bd3 d6 6. O-O c5 7.
Nc3 Nc6 8. Re1 Bg4 9. h3 Bd7 10.
Bf1 e5 11. Bc4 Nd4 12. Bd5 Rb8 13. a4 b6 14. d3 a6 15. Bc1 b5 16. axb5 axb5 17.
Bg5 Qc8 18. Bxf6 Bxf6 19. Nd2 Kg7 20. Nf1 Bg5 21. Ra7 Nc6 22. Bxc6 Bxc6 23. Ne3 Bxe3 24. fxe3 b4 25. Ne2 Ra8 26. Qa1 Rxa7 27. Qxa7 Qb7 28. Ra1 Ra8 29. Qxa8 Qxa8 30. Rxa8 Bxa8 31. Kf2 h5 32. h4 Kf6 33. Ng1 Ke6 34. Nf3 f6 35. Nd2 f5 36. exf5+ gxf5 37. e4 d5 38. exd5+ Bxd5 39. g3 f4 40. gxf4 exf4 41. Ne4 Kf5 42. Nxc5 Kg4 43. Na6 Kxh4 44. Nxb4 Ba8 45. d4 Be4 46. d5 Kg4 47. d6 Bf5 48. Nd3 h4 49. Ne5+ Kg5 50. d7 Bxd7 51. Nxd7 h3 52. Ne5 1-0

[Event "*** Titled Tuesday 3|2 Blitz"]
[Site "Chess.com"]
[Date "2016.09.06"]
[Round "9"]
[White "theprosecution1"]
[Black "fidetrainerNET"]
[Result "1-0"]
[WhiteElo "2415"]
[BlackElo "2167"]
[TimeControl "180+2"]
[EndTime "18:48:07 PDT"]
[Termination "theprosecution1 won by resignation"]

1. e4 e5 2. Nf3 Nc6 3. d4 exd4 4.
Nxd4 Bc5 5. Be3 Qf6 6. Nb5 Bxe3 7.
fxe3 Kd8 8. N1c3 Nge7 9. Qd2 a6 10. Nd4 b5 11. O-O-O Bb7 12. Be2 d6 13. Rhf1 Qg6 14. Nf5 Re8 15. Nd5 Nxd5 16. Qxd5 Re5 17. Qb3 Na5 18.
Qa3 Nc4 19. Bxc4 bxc4 20. Nxd6 Bd5 21. Nxf7+ Qxf7 22. Rxf7 1-0

[Event "*** Titled Tuesday 3|2 Blitz"]
[Site "Chess.com"]
[Date "2016.09.06"]
[Round "9"]
[White "OparinGrigoriy"]
[Black "tigra"]
[Result "1-0"]
[WhiteElo "2617"]
[BlackElo "2451"]
[TimeControl "180+2"]
[EndTime "18:48:26 PDT"]
[Termination "OparinGrigoriy won by checkmate"]

1. e4 c5 2. Nf3 g6 3. d4 cxd4 4.
Nxd4 Nc6 5. c4 d6 6. Nc3 Bg7 7. Be3 Qb6 8. Nb3 Bxc3+ 9. bxc3 Qc7 10. Be2 b6 11. O-O Ne5 12. Qd4 Nf6 13. f4 Nc6 14.
Qd3 Ba6 15. Nd4 Rc8 16. Nb5 Bxb5 17. cxb5 Na5 18. Bd4 O-O 19. e5 Nd7 20. e6 fxe6 21. Bg4 Nc5 22. Qe3 Nab7 23. Rae1 Nd8 24. h4 Qd7 25. h5 Qe8 26. hxg6 Qxg6 27. Rf3 Ne4 28. Qxe4 Qxg4 29. Qd3 Qf5 30. Rg3+ Kf7 31. Qxf5+ exf5 32. Rg7+ Ke8 33. Rgxe7# 1-0

[Event "*** Titled Tuesday 3|2 Blitz"]
[Site "Chess.com"]
[Date "2016.09.06"]
[Round "9"]
[White "yurisolo"]
[Black "MattyDPerrine"]
[Result "1-0"]
[WhiteElo "2499"]
[BlackElo "2227"]
[TimeControl "180+2"]
[EndTime "18:48:34 PDT"]
[Termination "yurisolo won on time"]

1. e4 c5 2. d4 cxd4 3. Nf3 e6 4.
c3 dxc3 5. Nxc3 Nc6 6. Bc4 a6 7. O-O Nge7 8. Bg5 f6 9. Be3 b5 10. Bb3 Ng6 11. Nd5 exd5 12. exd5 Na5 13. Re1 Be7 14. d6 Nxb3 15. Qxb3 Bb7 16. dxe7 Qc7 17.
Rac1 Qd6 18. Rcd1 Qe6 19. Qd3 Bxf3 20. Bf4 Bxd1 21. Rxe6 dxe6 22. Bc7 Bg4 23. Qe4 1-0

[Event "*** Titled Tuesday 3|2 Blitz"]
[Site "Chess.com"]
[Date "2016.09.06"]
[Round "9"]
[White "spirals5"]
[Black "DanielNaroditsky"]
[Result "0-1"]
[WhiteElo "2262"]
[BlackElo "2696"]
[TimeControl "180+2"]
[EndTime "18:48:34 PDT"]
[Termination "DanielNaroditsky won by resignation"]

1. e4 e6 2. Nf3 d5 3. exd5 exd5 4. d4 Bd6 5. Bd3 Nc6 6. h3 Nge7 7. O-O Be6 8. c3 Qd7 9. Re1 O-O-O 10. Ng5 Ng6 11. Nxe6 fxe6 12. Bxg6 hxg6 13. Qg4 e5 14. Qxd7+ Kxd7 15.
Be3 exd4 16. cxd4 Nb4 17. Re2 Rde8 18. Nc3 c6 19. a3 Nd3 20. Rd1 Nf4 21. Bxf4 Bxf4 22.
g3 Bg5 23. h4 Bf6 24. Kg2 Rxe2 25. Nxe2 Re8 26. Nf4 Re4 27. Nxg6 Rxd4 28. Rxd4 Bxd4 29. b3 Bb2 30. a4 Kd6 31. Kf3 Kc5 32. Ke2 Kb4 33.
f4 Kxb3 34. Ne5 c5 35. h5 c4 36. g4 a6 37. g5 Bxe5 38. fxe5 c3 39. e6 c2 40. e7 c1=Q 41. e8=Q Qxg5 42. Qf7 b5 43. axb5 axb5 44. Kd1 b4 45. Qf3+ Ka4 46. Qe2 Qg1+ 47. Kd2 Qd4+ 48. Ke1 Qe4 49. Qxe4 dxe4 50. h6 gxh6 0-1

[Event "*** Titled Tuesday 3|2 Blitz"]
[Site "Chess.com"]
[Date "2016.09.06"]
[Round "9"]
[White "ChessFrois"]
[Black "beastfromweast"]
[Result "0-1"]
[WhiteElo "2028"]
[BlackElo "2292"]
[TimeControl "180+2"]
[EndTime "18:49:13 PDT"]
[Termination "beastfromweast won by resignation"]

1. e4 c5 2. Nf3 d6 3. d4 cxd4 4.
Nxd4 Nf6 5. Nc3 a6 6. Be3 e6 7.
g4 e5 8. Nf5 g6 9. g5 gxf5 10.
exf5 Bxf5 11. Qf3 Bg6 12. gxf6 Nd7 13. O-O-O Rb8 14. Nd5 Qa5 15. Kb1 h5 16. Rg1 Bh6 17. Rxg6 Bxe3 18. fxe3 fxg6 19. f7+ Kf8 20. Bd3 Kg7 21.
Rg1 Rh6 22. Qf5 Qxd5 23. Rxg6+ Rxg6 24. Qxg6+ Kf8 25. Qh6+ Ke7 26. Qg5+ Nf6 27. f8=Q+ Rxf8 0-1